PL
THUNDER BAY NORTHERN LIONS BC @ BOSTON PATRIOTS
10/07/2026
 
TOP OF THE 1ST
Thunder Bay Northern Lions BC batting - Pitching for Boston Patriots : RHP Jorge Aguirre
Pitching: RHP Jorge Aguirre
Batting: RHB Keith Fish 0-0: Swinging Strike
0-1: Swinging Strike
0-2: Ball
1-2: Ball
2-2: Strikes out swinging
Batting: LHB Chris Gregory 0-0: Called Strike
0-1: Ball
1-1: Foul Ball, location: 2F
1-2: Strikes out looking
Batting: LHB David Smith 0-0: Foul Ball, location: 2F
0-1: Ball
1-1: Foul Ball, location: 2F
1-2: Strikes out swinging
Top of the 1st over - 0 run(s), 0 hit(s), 0 error(s), 0 left on base; Thunder Bay 0 - Boston 0
BOTTOM OF THE 1ST
Boston Patriots batting - Pitching for Thunder Bay Northern Lions BC : RHP Tyler MacHugh
Pitching: RHP Tyler MacHugh
Batting: LHB Ki-tak Im 0-0: Called Strike
0-1: Ball
1-1: Ball
2-1: Foul Ball, location: 2F
2-2: Ground out 4-3 (Groundball, 4)
Batting: RHB Tommy Jones 0-0: Ball
1-0: Foul Ball, location: 2F
1-1: Ball
2-1: Fly out, F7 (Flyball, 7LM)
Batting: RHB Terry Armstrong 0-0: Ball
1-0: Ball
2-0: Called Strike
2-1: Foul Ball, location: 2F
2-2: Foul Ball, location: 2F
2-2: Ball
3-2: DOUBLE (Line Drive, 78XD)
Batting: RHB Tamasaburo Kato 0-0: Called Strike
0-1: Called Strike
0-2: Strikes out swinging
Bottom of the 1st over - 0 run(s), 1 hit(s), 0 error(s), 1 left on base; Thunder Bay 0 - Boston 0
TOP OF THE 2ND
Thunder Bay Northern Lions BC batting - Pitching for Boston Patriots : RHP Jorge Aguirre
Batting: RHB Wilfred McLaughlin 0-0: Called Strike
0-1: Called Strike
0-2: Strikes out swinging
Batting: RHB Carlos Padilla 0-0: Called Strike
0-1: Swinging Strike
0-2: Foul Ball, location: 2F
0-2: Ball
1-2: Ball
2-2: Fly out, F8 (Flyball, 8LXD)
Batting: SHB Carlos Rodríguez 0-0: Ball
1-0: Ball
2-0: Ball
3-0: Fly out, F8 (Flyball, 8RD)
Top of the 2nd over - 0 run(s), 0 hit(s), 0 error(s), 0 left on base; Thunder Bay 0 - Boston 0
BOTTOM OF THE 2ND
Boston Patriots batting - Pitching for Thunder Bay Northern Lions BC : RHP Tyler MacHugh
Batting: LHB Timmy Appeldoorn 0-0: Ball
1-0: Ball
2-0: Swinging Strike
2-1: Ball
3-1: Foul Ball, location: 2F
3-2: Foul Ball, location: 2F
3-2: Foul Ball, location: 2F
3-2: Base on Balls
Batting: RHB Brent Ryan 0-0: Called Strike
0-1: Ball
1-1: Fly out, F2 (Popup, 3S)
Batting: RHB Karl Schultz 0-0: Called Strike
0-1: Ball
1-1: Foul Ball, location: 2F
1-2: Ball
2-2: Ball
3-2: Base on Balls
Timmy Appeldoorn to second
Batting: LHB Bill Chambers 0-0: Ball
1-0: Ball
2-0: Ball
3-0: Called Strike
3-1: Called Strike
3-2: Foul Ball, location: 2F
3-2: Fielders Choice at 2nd, 3-6 (Groundball, 34)
Timmy Appeldoorn to third
Batting: RHB Seon-keun Kim 0-0: Ball
1-0: Called Strike
1-1: 3-RUN HOME RUN (Line Drive, 7LD), Distance : 367 ft
Batting: LHB Ki-tak Im 0-0: Called Strike
0-1: Foul Ball, location: 2F
0-2: Ball
1-2: Ball
2-2: Foul Ball, location: 2F
2-2: Foul Ball, location: 2F
2-2: SINGLE (Line Drive, 9LS)
Batting: RHB Tommy Jones 0-0: Called Strike
0-1: Called Strike
0-2: Ball
1-2: Ball
2-2: Foul Ball, location: 2F
2-2: Foul Ball, location: 2F
2-2: Foul Ball, location: 2F
2-2: Ball
3-2: SINGLE (Flyball, 89S)
Ki-tak Im to second
Ki-tak Im to third
Batting: RHB Terry Armstrong 0-0: Ball
1-0: Ball
2-0: Called Strike
2-1: Foul Ball, location: 2F
2-2: Foul Ball, location: 2F
2-2: DOUBLE (Line Drive, 8LXD)
Ki-tak Im scores
Tommy Jones to third
Batting: RHB Tamasaburo Kato 0-0: Ball
1-0: SINGLE (Groundball, 6D)
Tommy Jones scores
Terry Armstrong to third
Runner from 3rd tries for Home, SAFE, throw made home
Tamasaburo Kato to second
Batting: LHB Timmy Appeldoorn 0-0: Fly out, F7 (Flyball, 7S)
Bottom of the 2nd over - 6 run(s), 5 hit(s), 0 error(s), 1 left on base; Thunder Bay 0 - Boston 6
TOP OF THE 3RD
Thunder Bay Northern Lions BC batting - Pitching for Boston Patriots : RHP Jorge Aguirre
Batting: SHB Arnold Griffith 0-0: Ball
1-0: Ball
2-0: Foul Ball, location: 2F
2-1: Fly out, F8 (Flyball, 8RM)
Batting: LHB John Brewer 0-0: Ball
1-0: Fly out, F9 (Flyball, 9D)
Batting: RHB Barkley B. Cooltimes 0-0: Ball
1-0: Ball
2-0: Ball
3-0: Base on Balls
Batting: RHB Keith Fish 0-0: Called Strike
0-1: Ball
1-1: Ball
2-1: TRIPLE (Line Drive, 8RM)
Barkley B. Cooltimes scores
Batting: LHB Chris Gregory 0-0: Foul Ball, location: 2F
0-1: Fly out, F8 (Flyball, 8RS)
Top of the 3rd over - 1 run(s), 1 hit(s), 0 error(s), 1 left on base; Thunder Bay 1 - Boston 6
BOTTOM OF THE 3RD
Boston Patriots batting - Pitching for Thunder Bay Northern Lions BC : RHP Tyler MacHugh
Batting: RHB Brent Ryan 0-0: Ground out 6-3 (Groundball, 6S)
Batting: RHB Karl Schultz 0-0: Ball
1-0: Fly out, F8 (Flyball, 89M)
Batting: LHB Bill Chambers 0-0: Called Strike
0-1: Ball
1-1: Ball
2-1: DOUBLE (Line Drive, 7LM)
Batting: RHB Seon-keun Kim 0-0: Ball
1-0: Ground out 5-3 (Groundball, 56S)
Bottom of the 3rd over - 0 run(s), 1 hit(s), 0 error(s), 1 left on base; Thunder Bay 1 - Boston 6
TOP OF THE 4TH
Thunder Bay Northern Lions BC batting - Pitching for Boston Patriots : RHP Jorge Aguirre
Batting: LHB David Smith 0-0: Called Strike
0-1: Ball
1-1: Foul Ball, location: 2F
1-2: Strikes out swinging
Batting: RHB Wilfred McLaughlin 0-0: Ball
1-0: Foul Ball, location: 2F
1-1: Ball
2-1: Swinging Strike
2-2: Strikes out looking
Batting: RHB Carlos Padilla 0-0: SINGLE (Line Drive, 56)
Batting: SHB Carlos Rodríguez 0-0: Called Strike
0-1: Foul Ball, location: 2F
0-2: Strikes out swinging
Top of the 4th over - 0 run(s), 1 hit(s), 0 error(s), 1 left on base; Thunder Bay 1 - Boston 6
BOTTOM OF THE 4TH
Boston Patriots batting - Pitching for Thunder Bay Northern Lions BC : RHP Tyler MacHugh
Batting: LHB Ki-tak Im 0-0: Ball
1-0: Ball
2-0: Ball
3-0: Called Strike
3-1: Fly out, F8 (Flyball, 8RD)
Batting: RHB Tommy Jones 0-0: Ground out 4-3 (Groundball, 4S)
Batting: RHB Terry Armstrong 0-0: Called Strike
0-1: Ball
1-1: Swinging Strike
1-2: Ball
2-2: Fly out, F4 (Line Drive, 4)
Bottom of the 4th over - 0 run(s), 0 hit(s), 0 error(s), 0 left on base; Thunder Bay 1 - Boston 6
TOP OF THE 5TH
Thunder Bay Northern Lions BC batting - Pitching for Boston Patriots : RHP Jorge Aguirre
Batting: SHB Arnold Griffith 0-0: Called Strike
0-1: Ball
1-1: Ball
2-1: Ground out 3-1 (Groundball, 34)
Batting: LHB John Brewer 0-0: Ball
1-0: Ground out 4-3 (Groundball, 4M)
Batting: RHB Barkley B. Cooltimes 0-0: Called Strike
0-1: Ball
1-1: Called Strike
1-2: Foul Ball, location: 2F
1-2: Strikes out swinging
Top of the 5th over - 0 run(s), 0 hit(s), 0 error(s), 0 left on base; Thunder Bay 1 - Boston 6
BOTTOM OF THE 5TH
Boston Patriots batting - Pitching for Thunder Bay Northern Lions BC : RHP Tyler MacHugh
Pitching: RHP Bill Lee
Batting: RHB Tamasaburo Kato 0-0: Foul Ball, location: 2F
0-1: Swinging Strike
0-2: Ground out 5-3 (Groundball, 56)
Batting: LHB Timmy Appeldoorn 0-0: Ball
1-0: Fly out, F7 (Flyball, 78M)
Batting: RHB Brent Ryan 0-0: Swinging Strike
0-1: Fly out, F7 (Flyball, 7LM)
Bottom of the 5th over - 0 run(s), 0 hit(s), 0 error(s), 0 left on base; Thunder Bay 1 - Boston 6
TOP OF THE 6TH
Thunder Bay Northern Lions BC batting - Pitching for Boston Patriots : RHP Jorge Aguirre
Batting: RHB Keith Fish 0-0: SINGLE (Line Drive, 78M)
Batting: LHB Chris Gregory 0-0: Ball
1-0: Ball
2-0: Ball
3-0: Base on Balls
Keith Fish to second
Batting: LHB David Smith 0-0: Called Strike
0-1: Foul Ball, location: 2F
0-2: Fly out, F2 (Popup, 3S)
Batting: RHB Wilfred McLaughlin 0-0: Called Strike
0-1: Called Strike
0-2: Strikes out looking
Batting: RHB Carlos Padilla 0-0: Ball
1-0: Called Strike
1-1: Foul Ball, location: 2F
1-2: Ball
Wild Pitch!
Keith Fish to third
Chris Gregory to second
2-2: Strikes out swinging
Top of the 6th over - 0 run(s), 1 hit(s), 0 error(s), 2 left on base; Thunder Bay 1 - Boston 6
BOTTOM OF THE 6TH
Boston Patriots batting - Pitching for Thunder Bay Northern Lions BC : RHP Bill Lee
Batting: RHB Karl Schultz 0-0: Called Strike
0-1: Ball
1-1: Ball
2-1: Foul Ball, location: 2F
2-2: Ball
3-2: Strikes out swinging
Batting: LHB Bill Chambers 0-0: Ground out 1-3 (Groundball, P)
Batting: RHB Seon-keun Kim 0-0: Swinging Strike
0-1: Foul Ball, location: 2F
0-2: Ball
1-2: Ground out 4-3 (Groundball, 34)
Bottom of the 6th over - 0 run(s), 0 hit(s), 0 error(s), 0 left on base; Thunder Bay 1 - Boston 6
TOP OF THE 7TH
Thunder Bay Northern Lions BC batting - Pitching for Boston Patriots : RHP Jorge Aguirre
Batting: SHB Carlos Rodríguez 0-0: Ball
1-0: Foul Ball, location: 2F
1-1: Ball
2-1: Called Strike
2-2: Strikes out swinging
Batting: SHB Arnold Griffith 0-0: SINGLE (Groundball, 4MD)
Batting: LHB John Brewer 0-0: Called Strike
0-1: Ball
1-1: Swinging Strike
1-2: Foul Ball, location: 2F
1-2: Grounds into double play, 4-6-3 (Groundball, 4)
Top of the 7th over - 0 run(s), 1 hit(s), 0 error(s), 0 left on base; Thunder Bay 1 - Boston 6
BOTTOM OF THE 7TH
Boston Patriots batting - Pitching for Thunder Bay Northern Lions BC : RHP Bill Lee
Batting: LHB Ki-tak Im 0-0: Ball
1-0: Called Strike
1-1: Swinging Strike
1-2: Fly out, F9 (Flyball, 89S)
Batting: RHB Tommy Jones 0-0: Ball
1-0: Ball
2-0: Ball
3-0: Base on Balls
Batting: RHB Terry Armstrong 0-0: Ball
1-0: Ball
2-0: Grounds into double play, 6-4-3 (Groundball, 6)
Bottom of the 7th over - 0 run(s), 0 hit(s), 0 error(s), 0 left on base; Thunder Bay 1 - Boston 6
TOP OF THE 8TH
Thunder Bay Northern Lions BC batting - Pitching for Boston Patriots : RHP Jorge Aguirre
Batting: RHB Barkley B. Cooltimes 0-0: Ball
1-0: Foul Ball, location: 2F
1-1: SOLO HOME RUN (Line Drive, 7D), Distance : 390 ft
Batting: RHB Keith Fish 0-0: Ball
1-0: Foul Ball, location: 2F
1-1: Foul Ball, location: 2F
1-2: Strikes out swinging
Pitching: RHP Kirby Brown
Batting: LHB Chris Gregory 0-0: Ball
1-0: SOLO HOME RUN (Flyball, 8RXD), Distance : 443 ft
Batting: LHB David Smith 0-0: Ball
1-0: Ball
2-0: Foul Ball, location: 2F
2-1: Ball
3-1: Base on Balls
Pitching: RHP Kyung-un Yi
Batting: RHB Wilfred McLaughlin 0-0: Fly out, F8 (Flyball, 8RS)
Batting: RHB Carlos Padilla 0-0: Foul Ball, location: 2F
0-1: Called Strike
0-2: Fielders Choice at 2nd, 6-4 (Groundball, 6)
Top of the 8th over - 2 run(s), 2 hit(s), 0 error(s), 0 left on base; Thunder Bay 3 - Boston 6
BOTTOM OF THE 8TH
Boston Patriots batting - Pitching for Thunder Bay Northern Lions BC : RHP Bill Lee
Batting: RHB Tamasaburo Kato 0-0: Ball
1-0: Ball
2-0: Called Strike
2-1: Foul Ball, location: 2F
2-2: Ball
3-2: Ground out 5-3 (Groundball, 5)
Batting: LHB Timmy Appeldoorn 0-0: Ball
1-0: Ball
2-0: Called Strike
2-1: Ball
3-1: Ground out 3-1 (Groundball, 34)
Batting: RHB Brent Ryan 0-0: Called Strike
0-1: Ball
1-1: Foul Ball, location: 2F
1-2: Ball
2-2: Ball
3-2: Foul Ball, location: 2F
3-2: Base on Balls
Batting: RHB Karl Schultz 0-0: Ball
Brent Ryan is caught stealing 2nd base
Bottom of the 8th over - 0 run(s), 0 hit(s), 0 error(s), 0 left on base; Thunder Bay 3 - Boston 6
TOP OF THE 9TH
Thunder Bay Northern Lions BC batting - Pitching for Boston Patriots : RHP Kyung-un Yi
Pitching: LHP Jesús Caldero
Batting: SHB Carlos Rodríguez 0-0: Ball
1-0: Ball
2-0: SINGLE (Groundball, 56D)
Batting: SHB Arnold Griffith 0-0: Ball
1-0: Ball
2-0: Called Strike
2-1: Swinging Strike
2-2: Ball
3-2: Ground out 5-3 (Groundball, 56S)
Carlos Rodríguez to second
Batting: LHB John Brewer 0-0: Called Strike
0-1: Ball
1-1: Ball
2-1: Ball
3-1: Fly out, F7 (Flyball, 78M)
Batting: RHB Barkley B. Cooltimes 0-0: Ball
1-0: Foul Ball, location: 2F
1-1: Ground out 1-3 (Groundball, 13S)
Top of the 9th over - 0 run(s), 1 hit(s), 0 error(s), 1 left on base; Thunder Bay 3 - Boston 6
Monday, March 20th, 2017 - OOTP Baseball 17.12 Build 75